 Dungeon Crawl Stone Soup version 0.29.1 (webtiles) character file.

Game seed: 17134456115972099201

7130 qw the Severer (level 10, -1/136 HPs)
             Began as a Minotaur Berserker on Sept 13, 2022.
             Was a Priest of Trog.
             Slain by an ice devil (2 damage)
             ... on level 1 of the Lair of Beasts.
             The game lasted 00:03:04 (10598 turns).

qw the Severer (Minotaur Berserker)                Turns: 10598, Time: 00:03:05

Health: -1/136     AC: 13    Str: 26    XL:     10   Next: 85%
Magic:  9/9        EV: 13    Int:  4    God:    Trog [***...]
Gold:   188        SH:  0    Dex: 10    Spells: 9/9 levels left

rFire   . . .      SeeInvis .   d - +2 war axe
rCold   . . .      Faith    .   (no shield)
rNeg    . . .      Spirit   .   a - +0 chain mail
rPois   +          Reflect  .   (helmet restricted)
rElec   .          Harm     .   p - +2 cloak
rCorr   .          Rampage  .   (no gloves)
Will    .....                   (no boots)
Stlth   ..........              (no amulet)
HPRegen 0.32/turn               q - ring of poison resistance
MPRegen 0.11/turn               j - +4 ring of evasion

@: berserking, very quick
A: horns 2, retaliatory headbutt
a: Renounce Religion, Berserk, Trog's Hand


You were on level 1 of the Lair of Beasts.
You worshipped Trog.
Trog was most pleased with you.
You visited 2 branches of the dungeon, and saw 9 of its levels.

You collected 388 gold pieces.
You spent 200 gold pieces at shops.


Innate Abilities, Weirdness & Mutations

You have a pair of horns on your head.
You reflexively headbutt those who attack you in melee.


   Skills:
 + Level 9.5 Fighting
 - Level 16.0 Axes
 - Level 3.4 Throwing
 - Level 6.0 Armour
 - Level 4.4 Dodging


You had 9 spell levels left.
You didn't know any spells.
Your spell library was empty.

Inventory:

Hand Weapons
 d - a +2 war axe (weapon)
 i - a +4 morningstar
Missiles
 l - a javelin (quivered)
Armour
 a - a +0 chain mail (worn)
 n - a +0 pair of boots
 p - a +2 cloak (worn)
Jewellery
 h - a +6 ring of strength
 j - a +4 ring of evasion (right hand)
 m - a ring of resist corrosion
 q - a ring of poison resistance (left hand)
 Y - a ring of protection from fire
Scrolls
 c - 9 scrolls of teleportation
 g - 10 scrolls of identify
Potions
 b - a potion of cancellation
 e - 3 potions of curing
 f - 2 potions of haste
 k - 2 potions of heal wounds
 o - a potion of mutation {unknown}

Dungeon Overview and Level Annotations

Branches:
Dungeon (8/15)             Temple (0/1) D:7            Lair (1/5) D:8

Altars:
Gozag
Hepliaklqana
Kikubaaqudgha
Okawaru
Qazlal
Ru
Sif Muna
Trog
Wu Jian
Xom
Yredelemnul

Shops:
D:8 ?

Annotations:
D:3 3 runed translucent doors, qw's ghost, amateur MiBe
D:4 2 transporters, qw's ghost, weakling MiBe
D:5 2 transporters, Menkaure
D:7 1 runed translucent door, qw's ghost, amateur GrFi


Message History

You barely miss the ice devil. The ice devil hits you.
The ice devil freezes you! The ice devil hits you. The ice devil freezes you!
You hit the ice devil but do no damage.
The ice devil is severely wounded.
You hit the ice devil but do no damage.
The ice devil hits you but does no damage. x2
You barely miss the ice devil. You headbutt the ice devil.
The ice devil is severely wounded.
You hit the ice devil. The ice devil hits you. The ice devil freezes you!
The ice devil hits you. The ice devil freezes you!
10591 ||| INVOKING Berserk.
A red film seems to cover your vision as you go berserk!
You feel yourself moving faster!
You feel mighty! The ice devil closely misses you. You furiously retaliate!
You headbutt the ice devil! The ice devil hits you! The ice devil freezes you!!
You hit the ice devil but do no damage.
The ice devil is severely wounded.
You completely miss the ice devil. You barely miss the ice devil.
You headbutt the ice devil, but do no damage.
The ice devil is severely wounded.
You hit the ice devil. You slash the ice devil!
You kill the ice devil!
Trog accepts your kill.
You barely miss the ice devil. The ice devil misses you.
You hit the ice devil. Your headbutt misses the ice devil.
The ice devil is heavily wounded.
You completely miss the ice devil.
The ice devil is heavily wounded.
The ice devil hits you. The ice devil freezes you!
You closely miss the ice devil.
The ice devil is heavily wounded.
You closely miss the ice devil.
The ice devil is heavily wounded.
The ice devil hits you.
You die...

### #.### ##..##
.# #### #...###
...#...## ##.....#
#.......###......#
........##.......#
#...........@...##
.##.....###4#+##
##..#.# #..
#...#.# ##(#
.###.....# .#
............# ..
#...#.####...# ..
.............# .(.
#.#.#####....#


You could see an ice devil.

Vanquished Creatures
  Joseph (D:8)
  An elephant (D:8)
  Maurice (D:8)
  A rime drake (Lair:1)
  Maggie (D:7)
  Psyche (D:8)
  A komodo dragon (Lair:1)
  An efreet (D:7)
  An ice devil (Lair:1)
  A wyvern (D:7)
  Eustachio (D:4)
  6 yaks (D:8)
  A basilisk (D:8)
  A steam dragon (D:8)
  2 water moccasins
  3 ice beasts
  2 black bears
  3 ogres
  3 centaurs
  2 phantoms (D:6)
  A kobold brigand (D:4)
  2 bullfrogs
  10 wights
  8 killer bees
  3 howler monkeys
  4 crimson imps (D:3)
  2 hounds (D:5)
  4 gnoll boudas
  An orc priest (D:7)
  Terence (D:2)
  An iguana (D:5)
  An orc wizard (D:7)
  18 gnolls
  2 adders (D:2)
  2 white imps
  4 worms
  4 dart slugs
  17 orcs
  8 bats
  10 endoplasms
  5 giant cockroaches
  10 goblins
  3 hobgoblins
  4 jackals (D:3)
  6 kobolds
  3 quokkas
  10 ball pythons
  3 frilled lizards
  4 rats
185 creatures vanquished.

Notes
Turn   | Place    | Note
-------+----------+-------------------------------------------
     0 | D:1      | qw the Minotaur Berserker began the quest for the Orb.
     0 | D:1      | Reached XP level 1. HP: 19/19 MP: 0/0
     0 | D:1      | 0 ||| qw: Version: 0.1-a-119-g272c26d
     0 | D:1      | 0 ||| qw: Game counter: 11187
     0 | D:1      | 0 ||| qw: Always use a shield: true
     0 | D:1      | 0 ||| qw: Do Orc after D:15 true
     0 | D:1      | 0 ||| qw: Do second Lair branch before Depths: true
     0 | D:1      | 0 ||| qw: Lair rune preference: random
     0 | D:1      | 0 ||| qw: Plans: Normal
     0 | D:1      | 0 ||| PLANNING D:1-11
   172 | D:1      | 172 ||| Stepping ~*~*~tactically~*~*~ (stealth).
   175 | D:1      | Reached skill level 4 in Axes
   191 | D:1      | Reached XP level 2. HP: 21/26 MP: 1/1
   265 | D:1      | 265 ||| Stepping ~*~*~tactically~*~*~ (stealth).
   266 | D:1      | 266 ||| Stepping ~*~*~tactically~*~*~ (stealth).
   270 | D:1      | 270 ||| Stepping ~*~*~tactically~*~*~ (stealth).
   786 | D:1      | 786 ||| UPGRADING to +0 cloak.
   791 | D:1      | 791 ||| UPGRADING to ring of protection from fire.
   792 | D:1      | 792 ||| READING scroll labelled ULARIH AMOID.
   793 | D:1      | 793 ||| READING scroll labelled LOTHRO EROMAMUS.
   794 | D:1      | 794 ||| READING 3 scrolls labelled TICKUA XIUCA.
   795 | D:1      | 795 ||| READING scroll labelled UNWINWOFFE.
   796 | D:1      | 796 ||| READING scroll labelled BEUMNICKIG.
   897 | D:1      | 897 ||| DROPPING 2 scrolls of immolation.
   916 | D:2      | Noticed Terence
   917 | D:2      | 917 ||| INVOKING Berserk.
   919 | D:2      | Killed Terence
   920 | D:2      | Reached skill level 5 in Axes
   920 | D:2      | Reached XP level 3. HP: 31/31 MP: 2/2
  1175 | D:2      | Found a faded altar of an unknown god.
  1198 | D:2      | 1198 ||| INVOKING Berserk.
  1451 | D:2      | 1451 ||| INVOKING Berserk.
  1619 | D:2      | Reached skill level 6 in Axes
  1619 | D:2      | Reached XP level 4. HP: 34/39 MP: 3/3
  1665 | D:2      | 1665 ||| FLEEEEING.
  1666 | D:2      | 1666 ||| FLEEEEING.
  1935 | D:2      | 1935 ||| UPGRADING to +0 chain mail.
  1945 | D:2      | 1945 ||| DROPPING +0 animal skin.
  1946 | D:2      | 1946 ||| READING 2 scrolls labelled QOVOPICISHRU.
  1951 | D:2      | 1951 ||| READING scroll labelled CESOOC HAALOX.
  1952 | D:2      | 1952 ||| READING 2 scrolls labelled OBACIXANTY.
  1953 | D:2      | 1953 ||| READING scroll labelled HYOD ARUCWEHE.
  2051 | D:3      | Reached ** piety under Trog
  2061 | D:3      | 2061 ||| DROPPING +0 whip.
  2094 | D:3      | Found a runed translucent gate.
  2094 | D:3      | Found a runed translucent gate.
  2094 | D:3      | Found a runed translucent gate.
  2097 | D:3      | Found an opulent altar of Gozag.
  2099 | D:3      | Noticed qw's ghost (amateur MiBe)
  2101 | D:3      | Noticed an ogre
  2119 | D:3      | 2119 ||| READING scroll of enchant weapon.
  2119 | D:3      | 2119 ||| ENCHANTING +1 hand axe.
  2139 | D:3      | Found a shimmering altar of Xom.
  2190 | D:3      | 2190 ||| Stepping ~*~*~tactically~*~*~ (stealth).
  2201 | D:3      | Reached skill level 7 in Axes
  2201 | D:3      | Reached XP level 5. HP: 45/45 MP: 4/4
  2235 | D:3      | 2235 ||| Stepping ~*~*~tactically~*~*~ (hiding).
  2241 | D:3      | 2241 ||| Stepping ~*~*~tactically~*~*~ (hiding).
  2245 | D:3      | 2245 ||| Stepping ~*~*~tactically~*~*~ (hiding).
  2494 | D:3      | Noticed an ogre
  2496 | D:3      | 2496 ||| INVOKING Berserk.
  2499 | D:3      | Killed an ogre
  2500 | D:3      | Reached XP level 6. HP: 52/52 MP: 5/5
  2774 | D:3      | 2774 ||| Stepping ~*~*~tactically~*~*~ (hiding).
  2780 | D:3      | 2780 ||| Stepping ~*~*~tactically~*~*~ (hiding).
  2785 | D:3      | Reached skill level 8 in Axes
  2817 | D:3      | 2817 ||| Stepping ~*~*~tactically~*~*~ (stealth).
  3010 | D:3      | 3010 ||| UPGRADING to +4 ring of evasion.
  3011 | D:3      | 3011 ||| READING scroll labelled ARPHOD MICIVEGH.
  3012 | D:3      | 3012 ||| READING 3 scrolls of identify.
  3012 | D:3      | 3012 ||| IDENTIFYING black potion
  3013 | D:3      | 3013 ||| READING 2 scrolls of identify.
  3013 | D:3      | 3013 ||| IDENTIFYING brown potion
  3340 | D:4      | Reached skill level 9 in Axes
  3499 | D:4      | Noticed Eustachio
  3504 | D:4      | 3504 ||| INVOKING Berserk.
  3532 | D:4      | Killed Eustachio
  3533 | D:4      | Reached XP level 7. HP: 28/59 MP: 6/6
  3692 | D:4      | Found a transporter.
  3693 | D:4      | Noticed qw's ghost (weakling MiBe)
  3934 | D:4      | Found a transporter.
  4061 | D:4      | 4061 ||| DROPPING orb of energy.
  4062 | D:4      | 4062 ||| READING scroll labelled ZOEJITH AZIE.
  4093 | D:5      | Entered Level 5 of the Dungeon
  4237 | D:5      | Found a transporter.
  4238 | D:5      | Found a basalt altar of Yredelemnul.
  4238 | D:5      | Noticed Menkaure
  4240 | D:5      | Noticed a wraith
  4242 | D:5      | Found a transporter.
  4270 | D:5      | 4270 ||| INVOKING Berserk.
  4404 | D:5      | 4404 ||| DRINKING 2 murky inky potions.
  4405 | D:5      | 4405 ||| READING 3 scrolls of identify.
  4405 | D:5      | 4405 ||| IDENTIFYING lumpy orange potion
  4406 | D:5      | 4406 ||| DROPPING potion of magic.
  4407 | D:5      | 4407 ||| DROPPING potion of invisibility.
  4408 | D:5      | 4408 ||| READING 4 scrolls of teleportation.
  4459 | D:5      | 4459 ||| INVOKING Berserk.
  4661 | D:5      | Found a bloodstained altar of Trog.
  4674 | D:5      | Found an ancient bone altar of Kikubaaqudgha.
  4734 | D:5      | Found a shimmering blue altar of Sif Muna.
  4789 | D:5      | 4789 ||| INVOKING Berserk.
  4794 | D:5      | Reached skill level 10 in Axes
  5039 | D:6      | 5039 ||| FLEEEEING.
  5040 | D:6      | 5040 ||| STAIRDANCE
  5127 | D:6      | 5127 ||| STAIRDANCE
  5287 | D:6      | Reached skill level 6 in Fighting
  5287 | D:6      | Reached XP level 8. HP: 36/70 MP: 7/7
  5656 | D:6      | Found an iron altar of Okawaru.
  5685 | D:6      | 5685 ||| SWAPPING to +0 war axe.
  5716 | D:6      | 5716 ||| DROPPING +2 hand axe.
  5721 | D:6      | 5721 ||| Stepping ~*~*~tactically~*~*~ (hiding).
  5729 | D:6      | 5729 ||| INVOKING Berserk.
  5733 | D:6      | Reached skill level 11 in Axes
  6195 | D:6      | Reached skill level 1 in Throwing
  6451 | D:6      | 6451 ||| READING scroll of enchant armour.
  6451 | D:6      | 6451 ||| ENCHANTING +0 cloak.
  6488 | D:6      | 6488 ||| DROPPING orb of wrath.
  6489 | D:6      | 6489 ||| READING 5 scrolls of identify.
  6489 | D:6      | 6489 ||| IDENTIFYING cyan potion
  6501 | D:7      | 6501 ||| PLANNING OSSUARY
  6505 | D:7      | 6505 ||| INVOKING Berserk.
  6619 | D:7      | 6619 ||| INVOKING Berserk.
  6768 | D:7      | 6768 ||| READING scroll of enchant weapon.
  6768 | D:7      | 6768 ||| ENCHANTING +0 war axe.
  6815 | D:7      | 6815 ||| INVOKING Berserk.
  6944 | D:7      | 6944 ||| DROPPING +0 flail.
  6974 | D:7      | Found a runed translucent door.
  6984 | D:7      | Noticed qw's ghost (amateur GrFi)
  7112 | D:7      | Found a staircase to the Ecumenical Temple.
  7129 | D:7      | 7129 ||| Stepping ~*~*~tactically~*~*~ (stealth).
  7130 | D:7      | 7130 ||| Stepping ~*~*~tactically~*~*~ (stealth).
  7131 | D:7      | Reached *** piety under Trog
  7190 | D:7      | Noticed Maggie
  7207 | D:7      | Killed Maggie
  7208 | D:7      | Reached skill level 12 in Axes
  7208 | D:7      | Reached XP level 9. HP: 59/75 MP: 8/8
  7236 | D:7      | 7236 ||| RIP OSSUARY
  7280 | D:7      | 7280 ||| PLANNING D:1-11
  7546 | D:7      | Found a sacrificial altar of Ru.
  7745 | D:7      | Found an ornate altar of the Wu Jian Council.
  7756 | D:7      | Found a hazy altar of Hepliaklqana.
  7920 | D:7      | 7920 ||| DROPPING amulet of magic regeneration.
  7921 | D:7      | 7921 ||| UPGRADING to ring of poison resistance.
  7923 | D:7      | 7923 ||| DRINKING 2 coppery potions.
  7924 | D:7      | 7924 ||| READING 7 scrolls of identify.
  7924 | D:7      | 7924 ||| IDENTIFYING puce potion
  7925 | D:7      | 7925 ||| READING 6 scrolls of identify.
  7925 | D:7      | 7925 ||| IDENTIFYING pink potion
  7926 | D:7      | 7926 ||| DROPPING potion of lignification.
  7927 | D:7      | 7927 ||| DROPPING potion of brilliance.
  7977 | D:8      | 7977 ||| Stepping ~*~*~tactically~*~*~ (stealth).
  7985 | D:8      | Reached skill level 13 in Axes
  7986 | D:8      | 7986 ||| INVOKING Berserk.
  7997 | D:8      | Reached skill level 3 in Throwing
  8129 | D:8      | 8129 ||| Stepping ~*~*~tactically~*~*~ (stealth).
  8131 | D:8      | 8131 ||| Stepping ~*~*~tactically~*~*~ (stealth).
  8132 | D:8      | 8132 ||| Stepping ~*~*~tactically~*~*~ (stealth).
  8150 | D:8      | 8150 ||| DROPPING +2 vampiric whip.
  8317 | D:8      | Found a stormy altar of Qazlal.
  8325 | D:8      | Noticed Psyche
  8328 | D:8      | 8328 ||| INVOKING Berserk.
  8330 | D:8      | Killed Psyche
  8451 | D:8      | Noticed an elephant
  8452 | D:8      | Found a staircase to the Lair.
  8455 | D:8      | 8455 ||| INVOKING Berserk.
  8460 | D:8      | Reached skill level 14 in Axes
  8465 | D:8      | Killed an elephant
  8466 | D:8      | Reached XP level 10. HP: 88/88 MP: 9/9
  8567 | D:8      | Noticed Maurice
  8568 | D:8      | 8568 ||| Stepping ~*~*~tactically~*~*~ (hiding).
  8579 | D:8      | Killed Maurice
  8600 | D:8      | Found Xifoeppi's Magic Scroll Shoppe.
  8608 | D:8      | 8608 ||| BUYING 2 scrolls of identify (40 gold).
  8608 | D:8      | Bought 2 scrolls of identify for 40 gold pieces
  8608 | D:8      | 8608 ||| BUYING scroll of identify (20 gold).
  8608 | D:8      | Bought a scroll of identify for 20 gold pieces
  8608 | D:8      | 8608 ||| BUYING scroll of identify (20 gold).
  8608 | D:8      | Bought a scroll of identify for 20 gold pieces
  8608 | D:8      | 8608 ||| BUYING scroll of teleportation (30 gold).
  8608 | D:8      | Bought a scroll of teleportation for 30 gold pieces
  8608 | D:8      | 8608 ||| BUYING scroll of teleportation (30 gold).
  8608 | D:8      | Bought a scroll of teleportation for 30 gold pieces
  8608 | D:8      | 8608 ||| BUYING scroll of teleportation (30 gold).
  8608 | D:8      | Bought a scroll of teleportation for 30 gold pieces
  8608 | D:8      | 8608 ||| BUYING scroll of teleportation (30 gold).
  8608 | D:8      | Bought a scroll of teleportation for 30 gold pieces
  8613 | D:8      | Noticed Joseph
  8614 | D:8      | 8614 ||| Stepping ~*~*~tactically~*~*~ (hiding).
  8615 | D:8      | 8615 ||| Stepping ~*~*~tactically~*~*~ (hiding).
  8633 | D:8      | Killed Joseph
  8774 | D:8      | Reached skill level 15 in Axes
  8815 | D:8      | Reached skill level 9 in Fighting
  9103 | D:8      | 9103 ||| INVOKING Berserk.
  9362 | D:8      | 9362 ||| FLEEEEING.
  9363 | D:8      | 9363 ||| FLEEEEING.
  9365 | D:8      | 9365 ||| FLEEEEING.
  9369 | D:8      | 9369 ||| FLEEEEING.
  9370 | D:8      | 9370 ||| FLEEEEING.
  9371 | D:8      | 9371 ||| FLEEEEING.
  9373 | D:8      | 9373 ||| FLEEEEING.
  9374 | D:8      | 9374 ||| FLEEEEING.
  9375 | D:8      | 9375 ||| FLEEEEING.
  9377 | D:8      | 9377 ||| STAIRDANCE
  9616 | D:7      | 9616 ||| UPGRADING to +2 cloak.
  9626 | D:7      | 9626 ||| DROPPING +1 cloak.
  9627 | D:7      | 9627 ||| DRINKING 2 red potions.
  9628 | D:7      | 9628 ||| READING 10 scrolls of identify.
  9628 | D:7      | 9628 ||| IDENTIFYING emerald potion
  9629 | D:7      | 9629 ||| DROPPING potion of degeneration.
  9630 | D:7      | 9630 ||| DROPPING potion of attraction.
  9661 | D:8      | 9661 ||| STAIRDANCE
  9668 | D:7      | 9668 ||| INVOKING Berserk.
  9671 | D:7      | Reached skill level 6 in Armour
  9978 | D:8      | 9978 ||| STAIRDANCE
 10322 | D:8      | 10322 ||| PLANNING LAIR
 10352 | Lair:1   | Entered Level 1 of the Lair of Beasts
 10362 | Lair:1   | 10362 ||| INVOKING Berserk.
 10530 | Lair:1   | Reached skill level 16 in Axes
 10545 | Lair:1   | 10545 ||| READING scroll of enchant weapon.
 10545 | Lair:1   | 10545 ||| ENCHANTING +1 war axe.
 10591 | Lair:1   | 10591 ||| INVOKING Berserk.
 10591 | Lair:1   | HP: 20/136 [ice devil (18)]
 10596 | Lair:1   | HP: 16/136 [ice devil (5)]
 10596 | Lair:1   | HP: 1/136 [ice devil (15)]
 10598 | Lair:1   | Slain by an ice devil

Levels and vault maps discovered:
D:1:      spicycebolla_green_bress_n_ham, layout_basic,
          minmay_misc_feat_nine_boxes
D:2:      minmay_diamond_boxcup, layout_basic,
          ebering_ecumenical_altar_sacrificial, uniq_terence
D:3:      layout_loops_ring, led_xom_imps, ebering_ghost_gozag, minivault_26,
          minmay_ogre_servants
D:4:      layout_basic, gammafunk_ghost_smash, uniq_eustachio
D:5:      layout_gridville, mainiacjoe_overflow_cross_hatched, kennysheep_mini,
          gammafunk_temple_of_torment
D:6:      layout_layer_cave, okawaru_trees_2
D:7:      layout_basic, general_overflow_altar,
          chequers_temple_overflow_statue_of_worship,
          minmay_temple_entry_mini_moons, nicolae_ossuary_entry_ruins,
          ebering_ghost_reflecting_pool, st_stairs_11, dk_noncrumbling_2,
          uniq_menkaure, uniq_maggie
D:8:      layout_basic, nicolae_qazlal_general_emergency, david_lair_generic,
          serial_shops, nicolae_shop_hallway_stairs, uniq_psyche, uniq_maurice,
          uniq_joseph
Lair:1:   layout_misc_corridors, portal_ice_cave_demonic_guard,
          dreamdust_wasp_nest

Skill      XL: |  1  2  3  4  5  6  7  8  9 10 |
---------------+-------------------------------+-----
Axes           | 4 5 6 7 9 10 12 14 16 | 16.0
Fighting       | 4 6 8 9 |  9.5
Armour         | 4 5 6 |  6.0
Throwing       | 2 3 |  3.4
Dodging        | 4 |  4.4

Action                   |  1- 3 |  4- 6 |  7- 9 | 10-12 || total
-------------------------+-------+-------+-------+-------++-------
Melee: Hand axe          |    67 |   119 |    56 |       ||   242
       Headbutt          |     8 |    14 |    41 |    19 ||    82
       Punch             |       |     1 |     4 |     2 ||     7
       War axe           |       |       |   143 |    92 ||   235
Throw: Boomerang         |       |    41 |    15 |       ||    56
       Javelin           |       |       |    17 |    10 ||    27
Invok: Berserk           |     3 |     2 |    10 |     4 ||    19
  Use: Scroll            |     5 |     8 |     8 |     2 ||    23
       Potion            |       |       |     2 |     1 ||     3
 Stab: Sleeping          |     1 |       |       |       ||     1
Armor: Animal skin       |     7 |     5 |       |       ||    12
       Chain mail        |       |    51 |    69 |    18 ||   138
Dodge: Dodged            |    32 |    76 |   122 |    36 ||   266

Table legend:
 A = Non-vault XP
 B = Vault XP
 C = Vault XP percentage of total XP
 D = Non-vault monster count
 E = Vault monster count
 F = Vault count percentage of total count
                 A         B        C        D         E       F
            +---------+---------+-------+---------+---------+-------
      Total |    6441 |    3746 |  36.8 |     150 |      35 |  18.9
            +---------+---------+-------+---------+---------+-------
        D:1 |      34 |       0 |   0.0 |      21 |       0 |   0.0
        D:2 |      28 |      76 |  73.1 |      13 |       9 |  40.9
        D:3 |      40 |     328 |  89.1 |      19 |      13 |  40.6
        D:4 |     134 |     197 |  59.5 |      13 |       1 |   7.1
        D:5 |     576 |       0 |   0.0 |      13 |       0 |   0.0
        D:6 |     589 |       0 |   0.0 |      16 |       0 |   0.0
        D:7 |    1398 |     570 |  29.0 |      24 |       4 |  14.3
        D:8 |    2627 |    2256 |  46.2 |      27 |       7 |  20.6
     Lair:1 |    1015 |     319 |  23.9 |       4 |       1 |  20.0
            +---------+---------+-------+---------+---------+-------
